 Dungeon Crawl Stone Soup version 0.29-a0-334-gb41bcbb86e (webtiles) character file.

Game seed: 8988455311500334458

122 dolemite99 the Firebug (level 5, -8/37 HPs)
             Began as a Gnoll Fire Elementalist on Apr 16, 2022.
             Killed from afar by Grinder (12 damage)
             ... with a puff of flame
             ... on level 3 of the Dungeon.
             The game lasted 00:03:06 (3689 turns).

dolemite99 the Firebug (Gnoll Fire Elementalist)    Turns: 3689, Time: 00:03:07

Health: -8/37      AC:  2    Str:  8    XL:     5   Next: 6%
Magic:  6/12       EV: 13    Int: 16    God:
Gold:   156        SH:  0    Dex: 12    Spells: 9/14 levels left

rFire   . . .      SeeInvis .   i - +0 spear (venom)
rCold   . . .      Faith    .   (no shield)
rNeg    . . .      Spirit   .   a - +0 robe
rPois   .          Reflect  .   (no helmet)
rElec   .          Harm     .   (no cloak)
rCorr   .          Rampage  .   (no gloves)
Will    .....                   (no boots)
Stlth   +++.......              (no amulet)
HPRegen 0.12/turn               (no ring)
MPRegen 0.13/turn               (no ring)

@: no status effects
A: fangs 1, strong nose, distributed training
a: no special abilities


You were on level 3 of the Dungeon.
You visited 1 branch of the dungeon, and saw 3 of its levels.

You collected 156 gold pieces.

Inventory:

Hand Weapons
 e - a +0 spear
 i - a +0 spear of venom (weapon)
 n - a +1 vampiric dagger
Missiles
 c - 128 stones
 h - 5 boomerangs
Armour
 a - a +0 robe (worn)
Jewellery
 r - a ring of see invisible
Scrolls
 f - a scroll of amnesia {unknown}
 g - 2 scrolls of magic mapping {unknown}
 k - 2 scrolls of identify {unknown}
 l - a scroll of brand weapon {unknown}
 m - 2 scrolls of enchant weapon {unknown}
 o - a scroll of fear {unknown}
Potions
 b - a potion of magic
 d - a potion of curing {unknown}
 j - a potion of ambrosia {unknown}
 p - a potion of mutation {unknown}
 q - a potion of might {unknown}


   Skills:
 + Level 1.3 Fighting
 + Level 1.3 Short Blades
 + Level 1.3 Long Blades
 + Level 1.3 Axes
 + Level 1.3 Maces & Flails
 + Level 1.3 Polearms
 + Level 1.3 Staves
 + Level 1.3 Slings
 + Level 1.3 Bows
 + Level 1.3 Crossbows
 + Level 1.3 Throwing
 + Level 1.3 Armour
 + Level 4.7 Dodging
 + Level 4.3 Stealth
 + Level 1.3 Shields
 + Level 1.3 Unarmed Combat
 + Level 5.1 Spellcasting
 + Level 2.3 Conjurations
 + Level 1.1 Hexes
 + Level 1.1 Summonings
 + Level 1.1 Necromancy
 + Level 1.1 Translocations
 + Level 1.1 Transmutations
 + Level 5.5 Fire Magic
 + Level 1.1 Ice Magic
 + Level 1.1 Air Magic
 + Level 1.1 Earth Magic
 + Level 1.1 Poison Magic
 + Level 1.5 Invocations
 + Level 1.3 Evocations


You had 9 spell levels left.
You knew the following spells:

 Your Spells              Type           Power      Damage    Failure   Level
a - Foxfire               Conj/Fire      64%        2x1d7     3%          1
b - Scorch                Fire           42%        2d7       2%          2
c - Poisonous Vapours     Pois/Air       14%        N/A       14%         2

Your spell library contained the following spells:

 Spells                   Type           Power      Damage    Failure   Level
 Conjure Flame            Conj/Fire      16%        6-21      9%          3
 Inner Flame              Hex/Fire       14%        N/A       12%         3
 Corpse Rot               Necr/Air       14%        N/A       14%         2
 Flame Wave               Conj/Fire      16%        2d6       30%         4
 Dispel Undead            Necr           7%         3d8       67%         4
 Olgreb's Toxic Radiance  Pois           7%         N/A       67%         4
 Death Channel            Necr           3%         N/A       100%        6
 Ozocubu's Refrigeration  Ice            3%         4d5       100%        7
 Ignition                 Fire           10%        3d5       100%        8


Dungeon Overview and Level Annotations

Branches:
Dungeon (3/15)

Altars:

Annotations:
D:3 Grinder


Innate Abilities, Weirdness & Mutations

You have very sharp teeth.
Your uncanny sense of smell can sniff out nearby items.
Your experience applies equally to all skills.


Message History

Grinder's fire resistance burns away.
You hear a shout!
A gnoll comes into view. It is wielding a +0 whip.
Casting: Scorch (safe; 2% risk of failure)
Confirm with . or Enter, or press ? or * to list all spells.
You conjure some foxfire!
Grinder gestures at you.
You suddenly lose the ability to move!
Grinder is no longer more vulnerable to fire.
The foxfire hits Grinder.
Grinder is lightly wounded.
The foxfire hits Grinder.
Grinder is moderately wounded.
Grinder hits you! Grinder gestures at you. You resist with significant effort.
Grinder hits you.
You writhe in agony.
You can move again.
Grinder completely misses you.
Casting: Foxfire (safe; 3% risk of failure)
Confirm with . or Enter, or press ? or * to list all spells.
You conjure some foxfire!
The foxfire hits the gnoll.
The gnoll is lightly wounded.
Grinder barely misses you.
The foxfire hits Grinder.
Grinder is moderately wounded.
Grinder zaps a wand.
The puff of flame hits you!
Casting: Foxfire (safe; 3% risk of failure)
Confirm with . or Enter, or press ? or * to list all spells.
You conjure some foxfire!
The gnoll hits you with a +0 whip. Grinder closely misses you.
The foxfire hits Grinder but does no damage.
Grinder is moderately wounded.
The foxfire hits Grinder.
Grinder is heavily wounded.
A gnoll comes into view. It is wielding a +0 flail.
The gnoll hits you with a +0 whip!
* * * LOW HITPOINT WARNING * * *
Grinder zaps a wand.
The puff of flame hits you!
You die...

####...)...######
#.#...........
#.......#####
#.#...#.#
#.##.##.#
#.##.##.#
#.......#
####'#### #.g@#
#...5.# #.......#
g..........#
)>.........+
..#.........#
.###.......##
##.....##


You could see Grinder and 2 gnolls.

Vanquished Creatures
  A scorpion (D:3)
  2 dart slugs (D:1)
  3 orcs (D:3)
  5 bats
  4 endoplasms
  2 giant cockroaches
  5 goblins
  2 hobgoblins
  4 jackals (D:1)
  3 quokkas (D:1)
  4 ball pythons
  5 frilled lizards
  8 kobolds
  5 rats
53 creatures vanquished.

Vanquished Creatures (others)
  87 foxfires
87 creatures vanquished.

Grand Total: 140 creatures vanquished

Notes
Turn   | Place    | Note
-------+----------+-------------------------------------------
     0 | D:1      | dolemite99 the Gnoll Fire Elementalist began the quest for
                  | the Orb.
     0 | D:1      | Reached XP level 1. HP: 13/13 MP: 6/6
   207 | D:1      | Reached XP level 2. HP: 10/19 MP: 3/7
  1196 | D:1      | Reached XP level 3. HP: 21/25 MP: 5/9
  1202 | D:1      | Reached skill level 5 in Spellcasting
  2290 | D:2      | Reached skill level 1 in Invocations
  2836 | D:3      | Learned a level 2 spell: Scorch
  3067 | D:3      | Reached skill level 1 in Fighting
  3067 | D:3      | Reached skill level 1 in Short Blades
  3067 | D:3      | Reached skill level 1 in Long Blades
  3067 | D:3      | Reached skill level 1 in Axes
  3067 | D:3      | Reached skill level 1 in Maces & Flails
  3067 | D:3      | Reached skill level 1 in Polearms
  3067 | D:3      | Reached skill level 1 in Staves
  3067 | D:3      | Reached skill level 1 in Slings
  3067 | D:3      | Reached skill level 1 in Bows
  3067 | D:3      | Reached skill level 1 in Crossbows
  3067 | D:3      | Reached skill level 1 in Throwing
  3067 | D:3      | Reached skill level 1 in Armour
  3067 | D:3      | Reached skill level 1 in Shields
  3067 | D:3      | Reached skill level 1 in Unarmed Combat
  3067 | D:3      | Reached skill level 1 in Evocations
  3242 | D:3      | Noticed a scorpion
  3247 | D:3      | Killed a scorpion
  3248 | D:3      | Reached skill level 1 in Hexes
  3248 | D:3      | Reached skill level 1 in Summonings
  3248 | D:3      | Reached skill level 1 in Necromancy
  3248 | D:3      | Reached skill level 1 in Translocations
  3248 | D:3      | Reached skill level 1 in Transmutations
  3248 | D:3      | Reached skill level 1 in Ice Magic
  3248 | D:3      | Reached skill level 1 in Air Magic
  3248 | D:3      | Reached skill level 1 in Earth Magic
  3248 | D:3      | Reached skill level 1 in Poison Magic
  3248 | D:3      | Reached XP level 4. HP: 32/32 MP: 6/11
  3248 | D:3      | Reached XP level 5. HP: 37/37 MP: 6/12
  3559 | D:3      | Learned a level 2 spell: Poisonous Vapours
  3674 | D:3      | Noticed Grinder
  3681 | D:3      | Paralysed by Grinder for 4 turns
  3689 | D:3      | Killed from afar by Grinder

Illustrated notes

Levels and vault maps discovered:
D:1:      dpeg_arrival_snail, layout_basic
D:2:      layout_basic
D:3:      layout_loops_corners, uniq_grinder

Skill      XL: |  1  2  3 |
---------------+----------+-----
Conjurations   | 2 |  2.3
Spellcasting   | 5 |  5.1
Invocations    | 1 |  1.5
Fighting       | 1 |  1.3
Short Blades   | 1 |  1.3
Long Blades    | 1 |  1.3
Axes           | 1 |  1.3
Maces & Flails | 1 |  1.3
Polearms       | 1 |  1.3
Staves         | 1 |  1.3
Slings         | 1 |  1.3
Bows           | 1 |  1.3
Crossbows      | 1 |  1.3
Throwing       | 1 |  1.3
Armour         | 1 |  1.3
Shields        | 1 |  1.3
Unarmed Combat | 1 |  1.3
Evocations     | 1 |  1.3
Hexes          | 1 |  1.1
Summonings     | 1 |  1.1
Necromancy     | 1 |  1.1
Translocations | 1 |  1.1
Transmutations | 1 |  1.1
Ice Magic      | 1 |  1.1
Air Magic      | 1 |  1.1
Earth Magic    | 1 |  1.1
Poison Magic   | 1 |  1.1
Dodging        | |  4.7
Stealth        | |  4.3
Fire Magic     | |  5.5

Action                   |  1- 3 |  4- 6 || total
-------------------------+-------+-------++-------
Melee: Spear             |    18 |       ||    18
 Cast: Foxfire           |    46 |     4 ||    50
       Scorch            |    11 |     7 ||    18
Armor: Robe              |    13 |       ||    13
Dodge: Dodged            |    82 |     4 ||    86

Table legend: (Time is in decaauts)
 A = Elapsed time spent in this place.
 B = Non-inter-level travel time spent in this place.
 C = Inter-level travel time spent in this place.
 D = Time resting spent in this place.
 E = Time spent auto-exploring this place.
 F = Levels seen in this place.
 G = Mean time per level.
                   A        B        C        D        E       F      G
               +--------+--------+--------+--------+--------+-----+--------+
         Total |   3689 |   3670 |     19 |   1230 |   1854 |   3 | 1229.7 |
       Dungeon |   3689 |   3670 |     19 |   1230 |   1854 |   3 | 1229.7 |
               +--------+--------+--------+--------+--------+-----+--------+

Top non-repeatable levels by time:
     D:1: 1859 daAuts
     D:2: 973 daAuts
     D:3: 856 daAuts
